 Dungeon Crawl Stone Soup version 0.19.5 (webtiles) character file.

583503 AAAAA the Ninja (level 27, -12/199 HPs)
             Began as a Naga Enchanter on Apr 22, 2017.
             Was an Initiate of Gozag.
             Mangled by an Orb Guardian (54 damage)
             ... on level 5 of the Realm of Zot.
             The game lasted 06:12:43 (84596 turns).

AAAAA the Ninja (Naga Enchanter)                   Turns: 84596, Time: 06:12:44

Health: -12/199    AC: 33    Str: 12    XL:     27
Magic:  16/44      EV: 15    Int: 30    God:    Gozag
Gold:   1021       SH: 11    Dex: 19    Spells: 11 memorised, 20 levels left

rFire  + + .     SeeInvis +     b - staff of energy
rCold  + + .     Gourm    .     Z - +7 Kryia's mail coat {DeviceHeal*2 rC+}
rNeg   + + .     Faith    .     p - +0 shield {rN+}
rPois  +         Spirit   .     K - -2 hat of the Alchemist {rElec rPois rF+ rC+ rN+ MR+ rMut rCorr}
rElec  +         Reflect  .     r - +2 cloak {MR+}
rCorr  +         Harm     .     M - +0 pair of fencer's gloves {+Riposte Dex+3}
rMut   +         Rnd*Rage +     c - +4 naga barding {rC+}
MR     +++++                    m - amulet of magic regeneration
Stlth  ++++++++..               F - ring of Shaolin {EV+8}
                                z - ring of Naca Waj {Fire *Contam rElec rPois Dex+4}

@: brilliant, dragon's call, gold aura, very slightly contaminated,
regenerating, repel missiles, invisible, very slow
A: repulsion field 1, see invisible, berserk 3, deformed body, dopey 1, frail 1,
low mp 1, sense surroundings 1, poison resistance, slowness 2, slow metabolism
1, spit poison 1, MP-powered wands, constrict 1, AC +9
a: Spit Poison, Potion Petition, Call Merchant, Bribe Branch, Renounce Religion
}: 3/15 runes: decaying, silver, gossamer


You were on level 5 of the Realm of Zot.
You worshipped Gozag.
Gozag was most pleased with you.
You were very full.

You visited 9 branches of the dungeon, and saw 47 of its levels.
You visited the Abyss 1 time.
You also visited: Labyrinth and Ice Cave.

You collected 34949 gold pieces.
You spent 9517 gold pieces at shops.
You paid 24411 gold pieces to Gozag.

Inventory:

Hand Weapons
 a - a +9 dagger of electrocution
Missiles
 l - 1696 stones (quivered)
 A - 3 throwing nets
Armour
 c - a +4 naga barding of cold resistance (worn)
 p - a +0 shield of positive energy (worn)
 r - a +2 cloak of magic resistance (worn)
 K - the -2 hat of the Alchemist (worn) {rElec rPois rF+ rC+ rN+ MR+ rMut rCorr}
   (You bought it in a shop on level 9 of the Dungeon)

   It protects you from fire.
   It protects you from cold.
   It insulates you from electricity.
   It protects you from poison.
   It protects you from negative energy.
   It affects your resistance to hostile enchantments.
   It protects you from acid and corrosion.
   It protects you from mutation.
 M - the +0 pair of fencer's gloves (worn) {+Riposte Dex+3}
   (You bought it in a shop on level 3 of the Vaults)

   It affects your dexterity (+3).
 T - the +1 helmet of Peechaid {MR+ Stlth+}
   (You acquired it on level 5 of the Vaults)

   It affects your resistance to hostile enchantments.
   It makes you more stealthy.
 Z - the +7 Kryia's mail coat (worn) {DeviceHeal*2 rC+}
   (You bought it in a shop on level 9 of the Dungeon)

   It protects you from cold.
Magical Staves
 b - an uncursed staff of energy (weapon)
Jewellery
 m - an amulet of magic regeneration (around neck)
 q - an uncursed amulet of regeneration
 z - the ring of Naca Waj (left hand) {Fire *Contam rElec rPois Dex+4}
   (You found it on level 5 of the Depths)

   [ring of fire]

   It enhances your fire magic.
   It affects your dexterity (+4).
   It protects you from fire.
   It makes you vulnerable to cold.
   It insulates you from electricity.
   It protects you from poison.
   It causes magical contamination when unequipped.
 F - the ring of Shaolin (right hand) {EV+8}
   (You found it in a labyrinth)

   [ring of evasion]

   It affects your evasion (+8).
 V - an uncursed ring of resist corrosion
Wands
 D - a wand of hasting (2/9)
 E - a wand of teleportation (6/9)
 P - a wand of disintegration (2/24)
 S - a wand of heal wounds (0/9)
 U - a wand of teleportation (0/9)
Scrolls
 h - 10 scrolls of fog
 j - 6 scrolls of blinking
 k - 4 scrolls of noise
 n - 7 scrolls of fear
 s - 11 scrolls of amnesia
 u - 2 scrolls of brand weapon
 v - 9 scrolls of immolation
 y - 3 scrolls of enchant weapon
 G - a scroll of identify
 I - 2 scrolls of silence
 N - 15 scrolls of remove curse
 X - 5 scrolls of vulnerability
Potions
 e - 7 potions of might
 f - a potion of invisibility
 i - 5 potions of haste
 o - 4 potions of curing
 t - 7 potions of brilliance
 w - 10 potions of agility
 H - 5 potions of flight
 L - 3 potions of cancellation
 O - 3 potions of ambrosia
Books
 g - a Necronomicon

   Spells                             Type                      Level
   a - Haunt                          Necromancy/Summoning         7
   b - Borgnjor's Revivification      Necromancy                   8
   c - Death's Door                   Charms/Necromancy            8
   d - Infestation                    Necromancy                   8
   e - Necromutation                  Transmutation/Necromancy     8
 J - a book of the Sky

   Spells                             Type                      Level
   a - Summon Lightning Spire         Summoning/Air                4
   b - Airstrike                      Air                          4
   c - Silence                        Hexes/Air                    5
   d - Deflect Missiles               Charms/Air                   6
   e - Conjure Ball Lightning         Conjuration/Air              6
   f - Tornado                        Air                          9
Miscellaneous
 C - 4 phantom mirrors
Comestibles
 R - a meat ration


   Skills:
 - Level 8.4 Fighting
 - Level 10.0 Short Blades
 + Level 8.1 Armour
 - Level 1.5 Dodging
 O Level 27 Stealth
 - Level 9.0 Shields
 + Level 22.2 Spellcasting
 - Level 12.2 Hexes
 + Level 20.7 Summonings
 - Level 15.4 Necromancy
 - Level 6.1 Translocations
 - Level 10.0 Evocations


You had 20 spell levels left.
You knew the following spells:

 Your Spells              Type           Power        Failure   Level  Hunger
a - Ensorcelled Hibernat  Hex/Ice        ######       1%          2    None
b - Confuse               Hex            #######.     1%          3    None
c - Summon Mana Viper     Hex/Summ       ########     1%          5    None
d - Summon Hydra          Summ           ########..   1%          7    None
e - Regeneration          Chrm/Necr      #######...   1%          3    None
f - Haunt                 Necr/Summ      ########..   1%          7    None
g - Blink                 Tloc           N/A          1%          2    None
h - Passage of Golubria   Tloc           N/A          1%          4    None
i - Repel Missiles        Chrm/Air       ######       1%          2    None
j - Invisibility          Hex            #######.     1%          6    None
k - Dragon's Call         Summ           ########..   14%         9    None


Dungeon Overview and Level Annotations

Branches:
Dungeon (15/15)            Temple (0/1) D:6            Lair (6/6) D:9
  Swamp (4/4) Lair:4       Spider (4/4) Lair:3        Slime (1/5) Lair:6
    Orc (2/2) D:9             Elf (0/3) Orc:2        Vaults (5/5) D:13
  Crypt (0/3) Vaults:3     Depths (5/5) D:15            Zot (5/5) Depths:5

Altars:
Cheibriados
Elyvilon
Fedhas
Gozag
Hepliaklqana
Kikubaaqudgha
Makhleb
Nemelex Xobeh
Qazlal
Ru
Sif Muna
Trog
Xom
Yredelemnul
Zin
The Shining One
Beogh
Jiyva

Shops:
D:4 (   D:6 *   D:9 [*(([*(([   D:11 :   Orc:2 *((   Vaults:1 *   Vaults:2 !=[
Vaults:3 [[(   Depths:3 }   Depths:4 }=}

Portals:
Hell: Depths:1 Depths:2 Depths:3 Depths:4 Depths:5
Abyss: Depths:4
Pandemonium: Depths:3 Depths:4
Ziggurat: Depths:2


Innate Abilities, Weirdness & Mutations

You cannot wear boots.
Your serpentine skin is tough. (AC +9)
You have supernaturally acute eyesight. (SInv)
Armour fits poorly on your strangely shaped body.
Your system is resistant to poisons. (rPois)
You cover ground very slowly.
You have a slow metabolism.
You can spit poison.
You can use your snake-like lower body to constrict enemies.
You are surrounded by a mild repulsion field. (EV +2)
You have an uncontrollable temper.
You are dopey. (Int -2)
You are frail. (-10% HP)
Your magical capacity is low. (-10% MP)
You passively map a small area around you.
You expend magic power (3 MP) to strengthen your wands.


Message History

* * * LOW HITPOINT WARNING * * *
The splash of acid hits your quicksilver dragon.
Your quicksilver dragon is splashed with acid.
The Orb Guardian hits you but does no damage.
Unknown command.
The +7 Kryia's mail coat enhances the healing.
You feel much better. A dragon arrives to answer your call!
The Orb Guardian misses you.
You riposte.
You hit the Orb Guardian but do no damage.
The Orb Guardian is severely wounded.
The Orb Guardian hits you!!!
* * * LOW HITPOINT WARNING * * *
Your golden dragon bites the Orb Guardian but does no damage.
Your golden dragon claws the Orb Guardian but does no damage.
Your golden dragon tramples the Orb Guardian!
The Orb Guardian holds its ground!
The +7 Kryia's mail coat enhances the healing.
You feel much better. The Orb Guardian hits you!!!
You die...
Your body crumbles into a pile of gold.

,,,,,,,,,,,,,,,,,,*▓▓...qD8§▓▓▓.)
,,,,,,,,,,,,,,,,,,* ▓▓▓▓▓▓▓▓▓ #..
,,,,,,,,,,,,,,,,,** ##.
..,,,,,,,,,,,,,*** *#
...,,,,,,,,,****
.qL##▓▓#▓▓▓▓▓▓▓▓# #
.D.d.....d.D^...### ###
....§$d.....##pXD.## ##..
....$..^.....###@..###########...
.....X.Xp.....###..............^#
.....DXd^.....# *#.............##
....DDdq......# #.............#
....dDD$......# *#...........##
......d.......# #...........#
..............# ##...........##
............^## #.............#
............## *#.............#*


You could see a Killer Klown, an Orb Guardian (berserk), a friendly golden
dragon and a friendly quicksilver dragon.

Vanquished Creatures
  An ancient lich (Abyss:1)
  Mara (Depths:1)
  An orb of fire (Zot:5)
  2 juggernauts
  the Lernaean hydra (Swamp:4)
  Margery (Depths:5)
  Saint Roka (Depths:5)
  4 golden dragons
  Jory (Depths:3)
  2 bone dragons
  Arachne (Spider:3)
  A lich (Depths:5)
  Rupert (Lair:5)
  3 tentacled monstrosities
  A titan (Vaults:4)
  An Orb Guardian (Zot:5)
  8 sphinxes
  3 tentacled starspawn
  A thorn hunter (Swamp:3)
  4 shadow dragons
  Agnes (D:15)
  3 storm dragons
  A tengu reaver (Depths:2)
  A draconian monk (Zot:2)
  10 fire giants
  17 vault wardens
  3 draconian scorchers
  2 draconian knights (Depths:5)
  2 orc warlords
  Aizul (Swamp:4)
  3 iron dragons
  5 ghost moths
  6 frost giants
  2 draconian zealots (Zot:2)
  A balrug (Abyss:3)
  8 emperor scorpions
  26 ironheart preservers
  18 very ugly things
  2 draconian callers (Zot:2)
  19 stone giants
  3 war gargoyles
  2 spriggan defenders
  An angel (Abyss:3)
  3 entropy weavers
  The ghost of nano the Unseen, a journeyman SpEn of Okawaru (Depths:1)
  An ophan (Depths:3)
  A green draconian (Zot:5)
  7 vampire knights
  A red draconian (Zot:2)
  Nessos (D:13)
  A deep elf demonologist (Vaults:5)
  3 lorocyprocas
  An apis (Depths:3)
  3 purple draconians (Zot:2)
  Azrael (D:14)
  A yellow draconian (Zot:2)
  2 white draconians (Zot:2)
  12 spark wasps
  A merfolk javelineer (Depths:2)
  A minotaur (Lab)
  A deep elf death mage (Vaults:4)
  A deep elf annihilator (Depths:5)
  13 fire dragons
  21 ettins
  A deep elf high priest (Vaults:5)
  Josephine (D:12)
  13 great orbs of eyes
  10 yaktaur captains
  34 starcursed masses
  13 ice dragons
  35 vault guards
  4 rakshasas
  28 hydras
  A ghost crab (Swamp:2)
  A spriggan air mage (Depths:3)
  13 centaur warriors
  3 catoblepae (Lair:6)
  4 death knights
  2 alligators
  17 ogre magi
  12 death yaks
  4 hell hogs (Abyss:3)
  13 deep troll earth magi
  2 spriggan berserkers
  14 deep troll shamans
  19 thrashing horrors
  6 tengu warriors
  An orc high priest (Depths:5)
  A storm dragon zombie (Vaults:3)
  Urug (D:12)
  A titan zombie (Vaults:1)
  2 wretched stars
  Sonja (D:10)
  7 spriggans
  2 sun demons (Abyss:4)
  2 fire crabs (Abyss:2)
  13 hell knights
  4 deep elf knights
  9 skeletal warriors
  3 iron trolls (Depths:2)
  An unseen horror (shapeshifter) (Depths:1)
  4 sixfirhies
  4 shadow wraiths
  7 wizards
  59 deep trolls
  2 deep elf archers (Vaults:4)
  12 swamp dragons
  2 spriggan druids
  A glowing orange brain (shapeshifter) (Vaults:4)
  A glowing orange brain (Depths:1)
  9 flayed ghosts
  4 shambling mangroves
  3 unseen horrors
  6 hill giants
  7 harpies
  10 phantasmal warriors
  26 orc knights
  16 ironbrand convokers
  4 necromancers
  18 orb spiders
  A mana viper (shapeshifter) (Vaults:5)
  18 deep elf magi
  2 fire giant zombies
  A frost giant zombie (Vaults:3)
  A shadow dragon skeleton (Depths:1)
  35 wolf spiders
  A mana viper (Abyss:3)
  8 cyclopes
  24 ugly things
  7 orc sorcerers
  A cyclops (shapeshifter) (Depths:2)
  3 manticores (D:14)
  A human skeleton (Vaults:1)
  An elephant (shapeshifter) (Vaults:4)
  Maurice (D:9)
  An ice statue (Abyss:2)
  10 elephants
  2 salamanders (shapeshifter) (Depths:2)
  2 worldbinders (Abyss:5)
  9 moths of wrath
  A fire giant skeleton (Depths:1)
  2 guardian serpents (Abyss:3)
  4 apocalypse crabs
  14 vault sentinels
  An eye of devastation (Depths:2)
  2 centaur zombies (D:14)
  A frost giant skeleton (Depths:1)
  11 smoke demons
  2 torpor snails
  A black mamba (Lair:6)
  A guardian serpent (shapeshifter) (Depths:4)
  13 spiny frogs
  A black mamba (shapeshifter) (Depths:3)
  6 centaur skeletons
  3 orange demons
  A komodo dragon (shapeshifter) (Vaults:4)
  A yaktaur (shapeshifter) (Depths:2)
  2 gargoyles
  Psyche (D:11)
  3 efreet
  3 hellions
  5 komodo dragons
  8 demonic crawlers
  70 yaktaurs
  4 rime drakes
  3 hellwings
  2 ice devils
  A tormentor (Abyss:3)
  12 freezing wraiths
  9 ancient zymes
  A red devil (Abyss:4)
  4 tengu conjurers
  32 hornets
  37 jumping spiders
  29 large abominations
  9 trolls
  A polar bear (shapeshifter) (Vaults:2)
  2 polar bears
  2 jumping spiders (shapeshifter)
  3 tyrant leeches
  A two-headed ogre (shapeshifter) (D:14)
  A hornet (shapeshifter) (Depths:1)
  A merfolk (shapeshifter) (Vaults:5)
  27 slime creatures
  A raiju (shapeshifter) (Depths:2)
  32 two-headed ogres
  A dream sheep (shapeshifter) (Vaults:1)
  41 raiju
  A snapping turtle (shapeshifter) (Depths:2)
  15 blink frogs
  14 bog bodies
  A hippogriff (shapeshifter) (Abyss:4)
  2 fire dragon zombies
  9 hippogriffs
  A frost giant simulacrum (Vaults:1)
  An air elemental (Depths:5)
  12 flying skulls
  66 redbacks
  10 shadows
  5 vampires
  3 spriggans (shapeshifter)
  A tarantella (shapeshifter) (Vaults:3)
  2 yaks (shapeshifter)
  27 tarantellas
  4 wyverns
  6 water elementals
  40 yaks
  6 ynoxinuls
  A fire bat (Abyss:4)
  16 humans
  4 basilisks
  3 hungry ghosts
  4 golden eyes (Abyss:1)
  20 wraiths
  33 small abominations
  3 chaos spawn
  15 neqoxecs
  4 mottled dragons
  A yaktaur simulacrum (Vaults:1)
  16 vampire mosquitoes
  11 insubstantial wisps
  10 water moccasins
  10 wargs
  A naga (shapeshifter) (Depths:2)
  18 swamp worms
  2 soldier ants
  3 floating eyes (Depths:2)
  6 hell hounds
  13 porcupines
  A porcupine (shapeshifter) (Depths:2)
  71 orc warriors
  5 sky beasts
  14 ice beasts
  13 swamp drakes
  An eye of draining (shapeshifter) (Depths:2)
  A sky beast (shapeshifter) (Vaults:4)
  4 black bears
  2 phantoms
  4 eyes of draining
  2 necrophages
  2 boggarts (Depths:3)
  An ogre (shapeshifter) (Depths:2)
  A tengu (shapeshifter) (Depths:2)
  72 ogres
  12 wolves
  A centaur (shapeshifter) (Depths:2)
  17 centaurs
  An elf skeleton (Vaults:1)
  12 crocodiles
  A big kobold (D:8)
  A human zombie (Vaults:3)
  13 bullfrogs
  A scorpion (D:4)
  A scorpion (shapeshifter) (Vaults:5)
  19 killer bees
  13 wights
  2 howler monkeys
  An electric eel (Spider:4)
  10 crimson imps
  4 jellies
  8 quasits
  A bullfrog zombie (D:15)
  8 hounds
  22 orc priests
  25 orc wizards
  4 iron imps
  Ijyb (D:4)
  Jessica (D:3)
  7 iguanas
  5 worker ants
  3 hound skeletons
  A howler monkey zombie (D:6)
  A worker ant zombie (D:6)
  8 gnolls
  17 adders
  7 shadow imps
  3 white imps
  3 ufetubi
  An adder skeleton (D:9)
  An adder zombie (D:8)
  2 worms
  3 dart slugs
  10 leopard geckos
  172 orcs
  3 ball pythons
  7 giant cockroaches
  18 goblins
  5 hobgoblins
  14 jackals
  10 kobolds
  5 quokkas
  10 bats
  3 frilled lizards
  A jackal zombie (D:5)
  A leopard gecko zombie (D:8)
  A quokka zombie (D:7)
  10 rats
  3 briar patches (Swamp:4)
  A bush (Lair:4)
  7 fungi (D:9)
  3 lurking horrors
  10 plants
2437 creatures vanquished.

Vanquished Creatures (collateral kills)
  2 orbs of fire (Zot:5)
  2 juggernauts (Depths:5)
  A Killer Klown (Zot:5)
  2 curse toes
  4 golden dragons
  A pearl dragon (Depths:3)
  4 bone dragons
  An electric golem (Zot:5)
  6 tentacled monstrosities
  A hellephant (Abyss:5)
  4 liches
  8 Orb Guardians (Zot:5)
  5 titans
  2 quicksilver dragons
  A sphinx (Depths:5)
  Frances (Spider:2)
  An ancient champion (Depths:5)
  2 death cobs
  5 tentacled starspawn (Abyss:3)
  4 tengu reavers
  4 shadow dragons
  2 thorn hunters
  6 storm dragons
  2 fire giants
  The ghost of kalodont the Unseen, an adept KoEn of Dithmenos (Swamp:3)
  An iron dragon (Depths:5)
  A ghost moth (Spider:4)
  3 draconian scorchers (Zot:2)
  A deep elf sorcerer (Depths:5)
  A balrug (Abyss:4)
  2 draconian zealots
  A cacodemon (Abyss:3)
  3 vault wardens
  2 ironheart preservers
  A war gargoyle (Vaults:4)
  A very ugly thing (Abyss:3)
  A draconian caller (Zot:2)
  A stone giant (Vaults:5)
  2 black draconians
  A deep elf annihilator (Vaults:1)
  A yellow draconian (Zot:5)
  A mottled draconian (Zot:5)
  A green draconian (Zot:2)
  A lorocyproca (Abyss:3)
  A white draconian (Zot:5)
  A spark wasp (Depths:2)
  A crystal guardian (Vaults:4)
  An ettin (Vaults:4)
  2 green deaths
  2 deep elf death magi (Vaults:5)
  7 yaktaur captains
  4 deep elf high priests
  2 great orbs of eyes
  6 ogre magi
  7 rakshasas
  An ice dragon (Depths:3)
  2 vault guards (Vaults:4)
  4 spriggan air magi
  A catoblepas (Abyss:2)
  A naga warrior (Abyss:3)
  2 centaur warriors
  A dancing weapon (Vaults:5)
  11 death yaks
  2 deep troll shamans
  4 deep troll earth magi
  8 thrashing horrors
  A vampire mage (Abyss:3)
  4 spriggan berserkers
  2 soul eaters
  A deep elf knight (Vaults:4)
  2 sun demons (Abyss:3)
  3 iron trolls
  5 shadow wraiths
  2 sixfirhies (Abyss:3)
  A hell knight (Depths:1)
  3 skeletal warriors
  2 unseen horrors
  5 wretched stars
  A fire crab (shapeshifter) (Depths:2)
  2 spatial maelstroms
  A flayed ghost (Depths:3)
  A death drake (Abyss:3)
  5 deep trolls
  8 ironbrand convokers
  An obsidian statue (Depths:2)
  2 deep elf archers (Vaults:1)
  3 necromancers
  4 phantasmal warriors
  4 deep elf magi
  A statue (Abyss:3)
  An orb spider (Spider:2)
  A faun (shapeshifter) (Depths:2)
  2 worldbinders
  2 wolf spiders
  10 ugly things
  An elephant (Lair:6)
  2 moths of wrath
  5 smoke demons (Abyss:3)
  6 vault sentinels
  8 large abominations
  An orange demon (Abyss:1)
  An efreet (Abyss:3)
  11 yaktaurs
  2 hellwings (Abyss:3)
  9 demonic crawlers
  10 ancient zymes
  3 jumping spiders
  2 tengu conjurers
  A two-headed ogre (shapeshifter) (Depths:3)
  12 raiju
  8 two-headed ogres
  5 hornets
  A slime creature (Depths:3)
  5 blink frogs
  3 air elementals (Depths:5)
  A tarantella (Spider:4)
  A yak (Lair:6)
  6 ynoxinuls
  6 redbacks
  6 spriggans
  A fire bat (Abyss:4)
  4 water elementals
  A yak (shapeshifter) (Depths:2)
  A vampire mosquito (Depths:3)
  2 fire elementals (D:14)
  A hungry ghost (Abyss:3)
  A neqoxec (Abyss:4)
  7 chaos spawn
  A spatial vortex (Abyss:4)
  17 insubstantial wisps
  A porcupine (Lair:4)
  A hell hound (Abyss:1)
  An orc warrior (Depths:5)
  9 ogres
  A wolf (Lair:4)
  5 small abominations
  18 starcursed masses
  An orc priest (Vaults:3)
  A quasit (Abyss:3)
  An iron imp (Abyss:3)
  A naga skeleton (Abyss:1)
  A white imp (Abyss:4)
  2 ufetubi (Abyss:3)
  8 orcs
  A butterfly (Spider:1)
  A fungus (Lair:6)
  A plant (Depths:2)
  3 starspawn tentacles (Abyss:3)
458 creatures vanquished.

Vanquished Creatures (others)
  2 ancient liches (Zot:5)
  4 Orb Guardians (Zot:5)
  A death cob (Zot:5)
  2 storm dragons (Zot:5)
  A ghost moth (Zot:5)
  A mottled draconian (Zot:5)
  An ogre mage (Vaults:5)
  A phantasmal warrior (Vaults:5)
  A deep elf mage (Abyss:3)
  2 moths of wrath (Zot:5)
  2 smoke demons
  A yaktaur (Vaults:5)
  A large abomination (Abyss:3)
  A spriggan (Depths:3)
  A flying skull (Abyss:4)
  A basilisk (Abyss:4)
  A spatial vortex (Abyss:4)
  An ogre (Vaults:3)
  7 small abominations
  A bullfrog (D:15)
  A jelly (D:15)
  2 orcs (Vaults:5)
  18 fungi
  A lurking horror (Abyss:3)
  25 plants
  42 starspawn tentacles
122 creatures vanquished.

Grand Total: 3017 creatures vanquished

Notes
Turn   | Place    | Note
-------+----------+-------------------------------------------
     0 | D:1      | AAAAA the Naga Enchanter began the quest for the Orb.
     0 | D:1      | Reached XP level 1. HP: 15/15 MP: 3/3
   567 | D:1      | Reached XP level 2. HP: 22/22 MP: 5/5
   572 | D:1      | Learned a level 2 spell: Ensorcelled Hibernation
  1427 | D:2      | Found a sacrificial altar of Ru.
  1435 | D:2      | Reached skill level 5 in Stealth
  1435 | D:2      | Reached XP level 3. HP: 28/28 MP: 6/6
  1510 | D:2      | Reached XP level 4. HP: 24/36 MP: 2/7
  1780 | D:2      | Learned a level 3 spell: Confuse
  2122 | D:2      | Found a hazy altar of Hepliaklqana.
  2128 | D:2      | Reached skill level 6 in Stealth
  2261 | D:2      | Reached XP level 5. HP: 39/42 MP: 8/8
  2887 | D:3      | Found a glowing golden altar of the Shining One.
  2897 | D:3      | Found an opulent altar of Gozag.
  2902 | D:3      | Became a worshipper of Gozag Ym Sagoz the Greedy
  3112 | D:3      | Found a snail-covered altar of Cheibriados.
  3148 | D:3      | Found a blossoming altar of Fedhas.
  3257 | D:3      | Noticed an ogre
  3265 | D:3      | Killed an ogre
  3653 | D:3      | Noticed Jessica
  3661 | D:3      | Killed Jessica
  3661 | D:3      | Reached XP level 6. HP: 49/49 MP: 6/9
  3666 | D:3      | Found a deep blue altar of Sif Muna.
  3841 | D:4      | Reached skill level 7 in Stealth
  4021 | D:4      | Found a roughly hewn altar of Beogh.
  4279 | D:4      | Reached XP level 7. HP: 53/55 MP: 3/10
  4294 | D:4      | Reached skill level 8 in Stealth
  4379 | D:4      | Found Ytaikhloe's Weapon Shop.
  4413 | D:4      | Found an ancient bone altar of Kikubaaqudgha.
  4419 | D:4      | Found a burning altar of Makhleb.
  4423 | D:4      | Found a bloodstained altar of Trog.
  4822 | D:4      | Noticed Ijyb
  4853 | D:4      | Killed Ijyb
  4853 | D:4      | Reached skill level 5 in Hexes
  5078 | D:5      | Entered Level 5 of the Dungeon
  5321 | D:5      | Found a basalt altar of Yredelemnul.
  6481 | D:6      | Reached skill level 5 in Short Blades
  6585 | D:6      | Reached skill level 9 in Stealth
  6611 | D:6      | Reached XP level 8. HP: 62/62 MP: 5/11
  7067 | D:6      | Reached skill level 10 in Stealth
  7439 | D:6      | Found Xuseotte's Assorted Antiques.
  7471 | D:6      | Bought a runed marble ring for 130 gold pieces
  7544 | D:6      | Found a staircase to the Ecumenical Temple.
  7906 | D:7      | Reached XP level 9. HP: 54/68 MP: 8/12
  8132 | D:7      | Reached skill level 11 in Stealth
  8369 | D:7      | Found a stormy altar of Qazlal.
  9503 | D:8      | Reached skill level 12 in Stealth
  9503 | D:8      | Reached XP level 10. HP: 75/75 MP: 16/16
 10458 | D:9      | Noticed Maurice
 10549 | D:9      | Found a glowing silver altar of Zin.
 10569 | D:9      | Reached skill level 5 in Spellcasting
 11149 | D:9      | Found a staircase to the Lair.
 11177 | D:9      | Reached skill level 13 in Stealth
 11727 | D:9      | Found a staircase to the Orcish Mines.
 11938 | D:9      | Reached XP level 11. HP: 64/81 MP: 19/19
 12061 | D:9      | Killed Maurice
 12096 | D:10     | Entered Level 10 of the Dungeon
 12230 | D:10     | Noticed a hill giant
 12257 | D:10     | Killed a hill giant
 12540 | D:10     | Noticed an unseen horror
 12546 | D:10     | Killed an unseen horror
 12553 | D:10     | Got a steaming scale mail
 12569 | D:10     | Noticed a hill giant
 12590 | D:10     | Killed a hill giant
 12590 | D:10     | Reached skill level 14 in Stealth
 12864 | D:10     | Identified the cursed +0 scale mail "Alosh" {rCorr MP+9 Str-3 Stlth+} (You found it on level 10 of the Dungeon)
 12931 | D:10     | Noticed Sonja
 12938 | D:10     | Killed Sonja
 12938 | D:10     | Reached skill level 10 in Hexes
 13087 | D:10     | Got a dazzling leather armour
 13292 | D:11     | Noticed Psyche
 13334 | D:10     | Identified the +1 leather armour of the Blacksmith {Slay+3 SInv Stlth+} (You found it on level 10 of the Dungeon)
 13436 | D:11     | Killed Psyche
 13670 | D:11     | Noticed a hill giant
 13681 | D:11     | Killed a hill giant
 13681 | D:11     | Reached skill level 10 in Short Blades
 13778 | D:11     | Found Medenlie's Book Shop.
 14043 | D:11     | Reached skill level 1 in Fighting
 14245 | D:11     | Reached XP level 12. HP: 93/93 MP: 23/23
 14432 | D:11     | Reached skill level 15 in Stealth
 14856 | D:9      | Bought a meat ration for 85 gold pieces
 14856 | D:9      | Bought a potion of heal wounds for 85 gold pieces
 14856 | D:9      | Bought a royal jelly for 34 gold pieces
 14856 | D:9      | Bought a slice of pizza for 25 gold pieces
 14856 | D:9      | Bought a meat ration for 85 gold pieces
 14856 | D:9      | Bought a beef jerky for 25 gold pieces
 14864 | D:9      | Bought a scroll of identify for 76 gold pieces
 14864 | D:9      | Bought a scroll labeled RUELUTHEHOI for 38 gold pieces
 14864 | D:9      | Bought a scroll of identify for 76 gold pieces
 14876 | D:9      | Bought a scroll of enchant armour for 127 gold pieces
 14883 | Lair:1   | Entered Level 1 of the Lair of Beasts
 14937 | Lair:1   | You fall through a shaft!
 15637 | Lair:2   | Noticed a six-headed hydra
 15642 | Lair:2   | Killed a six-headed hydra
 16170 | Lair:3   | Found a labyrinth entrance.
 16186 | Lab      | Entered a labyrinth
 16938 | Lab      | Noticed a minotaur
 16950 | Lab      | Killed a minotaur
 16964 | Lab      | Identified a +3 rod of inaccuracy (11/11) (You found it in a labyrinth)
 17033 | Lair:3   | Reached skill level 16 in Stealth
 17281 | Lair:3   | Identified Nyetuoc's Disquisition on Supportive Orientation
 17449 | Lair:3   | Reached skill level 5 in Fighting
 17456 | Lair:3   | Found a hole to the Spider Nest.
 17539 | Lair:3   | Noticed a five-headed hydra
 17546 | Lair:3   | Killed a five-headed hydra
 17801 | Lair:3   | Gained mutation: You can use your snake-like lower body to constrict enemies. [Naga growth]
 17801 | Lair:3   | Reached XP level 13. HP: 97/109 MP: 25/25
 18342 | Lair:1   | Got an ichor-stained robe
 18353 | Lair:1   | Identified the +0 robe of the Known World {rPois rF+++ rC- Int+4} (You found it on level 1 of the Lair of Beasts)
 19144 | D:11     | Bought a book of Beasts for 715 gold pieces
 19151 | D:11     | Learned a level 5 spell: Summon Mana Viper
 19280 | Spider:1 | Entered Level 1 of the Spider Nest
 19467 | Lair:4   | Reached skill level 17 in Stealth
 19803 | Lair:4   | Reached skill level 1 in Summonings
 20437 | Lair:4   | Found a staircase to the Swamp.
 21218 | Lair:5   | Noticed Rupert
 21936 | Lair:5   | Killed Rupert
 21936 | Lair:5   | Reached skill level 10 in Spellcasting
 21936 | Lair:5   | Reached XP level 14. HP: 123/123 MP: 8/28
 21963 | Lair:6   | Entered Level 6 of the Lair of Beasts
 21983 | Lair:6   | Reached skill level 18 in Stealth
 22511 | Lair:6   | Found a viscous altar of Jiyva.
 22512 | Lair:6   | Identified a scroll of acquirement
 22513 | Lair:6   | Found a staircase to the Slime Pits.
 23068 | Lair:6   | Reached skill level 5 in Summonings
 23367 | Lair:6   | Reached skill level 19 in Stealth
 24037 | Slime:1  | Entered Level 1 of the Pits of Slime
 24038 | Slime:1  | Noticed an acid blob
 24399 | Orc:1    | Entered Level 1 of the Orcish Mines
 24458 | Orc:1    | Found a roughly hewn altar of Beogh.
 25284 | Orc:2    | Entered Level 2 of the Orcish Mines
 25312 | Orc:2    | Found a staircase to the Elven Halls.
 25380 | Orc:2    | Found a roughly hewn altar of Beogh.
 25690 | Orc:2    | Noticed a stone giant
 25708 | Orc:2    | Killed a stone giant
 26000 | Orc:2    | Reached XP level 15. HP: 134/134 MP: 27/30
 26560 | Orc:2    | Noticed an orc warlord
 26866 | Orc:2    | Found a roughly hewn altar of Beogh.
 26896 | Orc:2    | Killed an orc warlord
 26896 | Orc:2    | Reached skill level 20 in Stealth
 27272 | Orc:2    | Found Ofyfogaw's General Store.
 27272 | Orc:2    | Found Xiadicw's Food Shop.
 27295 | Orc:2    | Bought a scroll of silence for 90 gold pieces
 27299 | Orc:2    | Bought 2 potions of agility for 96 gold pieces
 27299 | Orc:2    | Bought a potion of curing for 36 gold pieces
 27459 | Orc:2    | Found a roughly hewn altar of Beogh.
 27560 | Orc:2    | Found Asut's Antique Weapon Shoppe.
 27560 | Orc:2    | Found Woaxuosu's Weapon Shop.
 27802 | D:9      | Bought a twisted ring mail for 342 gold pieces
 27818 | D:9      | Identified the +5 ring mail of the Circus Animal {MR+} (You bought it in a shop on level 9 of the Dungeon)
 27847 | D:9      | Bought a +0 shield of positive energy for 110 gold pieces
 28544 | D:12     | Reached skill level 1 in Shields
 28598 | D:12     | Found a frozen archway.
 28626 | IceCv    | Entered an ice cave
 28978 | D:12     | Noticed Josephine
 29142 | D:12     | Killed Josephine
 29243 | D:12     | Noticed Urug
 29250 | D:12     | Killed Urug
 29434 | D:13     | Found a gate to the Vaults.
 29434 | D:13     | Noticed Nessos
 29758 | D:13     | Killed Nessos
 29808 | D:13     | Reached skill level 5 in Shields
 30849 | D:14     | Noticed Azrael
 30868 | D:14     | Killed Azrael
 31055 | D:14     | Found a snail-covered altar of Cheibriados.
 31374 | D:14     | Reached XP level 16. HP: 141/141 MP: 27/31
 31799 | D:15     | Entered Level 15 of the Dungeon
 32383 | D:15     | Found a staircase to the Depths.
 32507 | D:15     | Noticed Agnes
 32538 | D:15     | Killed Agnes
 33098 | Depths:1 | Entered Level 1 of the Depths
 33126 | Depths:1 | Noticed nano's ghost (journeyman SpEn)
 33136 | Depths:1 | Killed nano's ghost
 33382 | D:9      | Bought a +2 naga barding of cold resistance for 520 gold pieces
 34572 | Spider:2 | Reached skill level 21 in Stealth
 35112 | Spider:2 | Noticed Frances
 35131 | Spider:2 | Killed Frances
 35854 | Spider:3 | Noticed Arachne
 35869 | Spider:3 | Killed Arachne
 35869 | Spider:3 | Reached skill level 10 in Summonings
 35869 | Spider:3 | Reached XP level 17. HP: 129/148 MP: 21/33
 36812 | Spider:4 | Entered Level 4 of the Spider Nest
 37499 | Spider:4 | Reached skill level 22 in Stealth
 38198 | Spider:4 | Got a slimy pewter ring
 38200 | Spider:4 | Identified the ring "Ulynia" {MP+9 SInv} (You found it on level 4 of the Spider Nest)
 38854 | Spider:4 | Got a brightly glowing robe
 38866 | Spider:4 | Identified the +1 robe of the Endless Expanse {rC+ Int-4 SInv} (You found it on level 4 of the Spider Nest)
 39669 | Spider:4 | Got a gossamer rune of Zot
 40128 | Swamp:1  | Entered Level 1 of the Swamp
 40451 | Swamp:1  | Reached XP level 18. HP: 156/156 MP: 35/35
 40829 | Swamp:2  | Reached skill level 23 in Stealth
 42034 | Swamp:3  | Noticed kalodont's ghost (adept KoEn)
 42076 | Swamp:3  | Killed kalodont's ghost
 42787 | Swamp:4  | Entered Level 4 of the Swamp
 42816 | Swamp:3  | Got a crude robe
 42827 | Swamp:3  | Identified the cursed +1 robe "Rupsil" {rCorr Str-3 SInv Stlth-} (You found it on level 3 of the Swamp)
 43753 | Swamp:4  | Noticed Aizul
 43850 | Swamp:4  | Killed Aizul
 44345 | Swamp:4  | Reached skill level 24 in Stealth
 44475 | Swamp:4  | Noticed the 27-headed Lernaean hydra
 44480 | Swamp:4  | Killed the 27-headed Lernaean hydra
 44486 | Swamp:4  | Got a decaying rune of Zot
 44489 | Swamp:4  | Got a smoking golden ring
 44491 | Swamp:4  | Identified the ring of Ymabowny {Ice rPois Dex+5} (You found it on level 4 of the Swamp)
 45503 | D:9      | Learned a level 7 spell: Summon Hydra
 45595 | Vaults:1 | Entered Level 1 of the Vaults
 45826 | Vaults:1 | HP: 7/156 [burnt (5)]
 46061 | Vaults:1 | Reached XP level 19. HP: 156/163 MP: 31/37
 46099 | Vaults:1 | Found Wauqazy's Assorted Antiques.
 46191 | Vaults:1 | Bought an embroidered cloak for 336 gold pieces
 46279 | Vaults:1 | Reached skill level 15 in Spellcasting
 46892 | Vaults:1 | Reached skill level 25 in Stealth
 47692 | Vaults:1 | Learned a level 3 spell: Regeneration
 48326 | Vaults:2 | Found Yzxoah's Armour Shoppe.
 48545 | Vaults:2 | Reached skill level 1 in Necromancy
 48634 | Vaults:2 | Found Caepesit's Distillery.
 48679 | Vaults:2 | Bought a potion of heal wounds for 95 gold pieces
 49059 | Vaults:2 | Found Japtoyv's Jewellery Shop.
 49517 | Vaults:2 | Reached XP level 20. HP: 171/171 MP: 39/39
 50003 | Vaults:3 | Found Beomaov's Antique Weapon Emporium.
 50992 | Vaults:3 | Reached skill level 26 in Stealth
 51019 | Vaults:3 | Reached skill level 5 in Necromancy
 51106 | Vaults:3 | Bought the +0 pair of fencer's gloves {+Riposte Dex+3} for 302 gold pieces
 51249 | Vaults:3 | Found a staircase to the Crypt.
 51633 | Vaults:3 | Reached skill level 15 in Summonings
 53646 | Vaults:3 | Bought a shiny shield for 336 gold pieces
 53704 | Vaults:4 | Reached XP level 21. HP: 177/177 MP: 41/41
 55557 | Vaults:3 | Reached skill level 27 in Stealth
 55978 | Depths:1 | Noticed Mara
 55985 | Depths:1 | Killed Mara
 56443 | Depths:1 | Found a gateway to Hell.
 57728 | Depths:1 | Found a sparkling altar of Nemelex Xobeh.
 57825 | Depths:2 | Found a gateway to a ziggurat.
 57831 | Depths:2 | Paralysed by a floating eye for 2 turns
 57837 | Depths:2 | Paralysed by a floating eye for 4 turns
 57850 | Depths:2 | Paralysed by a floating eye for 2 turns
 58193 | Depths:2 | Identified the +1 cloak of Niklyed {MR+ Str+5 Slay-3} (You found it on level 2 of the Depths)
 58534 | Depths:2 | Reached XP level 22. HP: 170/186 MP: 43/43
 58874 | Depths:2 | Reached skill level 10 in Necromancy
 59156 | Depths:2 | Bought a royal jelly for 26 gold pieces
 59156 | Depths:2 | Bought a meat ration for 65 gold pieces
 59156 | Depths:2 | Bought a meat ration for 65 gold pieces
 59156 | Depths:2 | Bought a meat ration for 65 gold pieces
 59156 | Depths:2 | Bought a bread ration for 65 gold pieces
 59156 | Depths:2 | Bought a slice of pizza for 19 gold pieces
 59169 | Depths:2 | Bought a meat ration for 65 gold pieces
 59669 | Depths:2 | Identified the ring of Duduij {Ice +Fly Str+5} (You found it on level 2 of the Depths)
 59939 | Depths:2 | Noticed a juggernaut
 59974 | Depths:2 | Killed a juggernaut
 61145 | D:11     | Bought a Necronomicon for 1435 gold pieces
 61153 | D:11     | Learned a level 7 spell: Haunt
 61712 | Depths:3 | Found Rerghewn's Gadget Shop.
 62740 | D:9      | Learned a level 2 spell: Blink
 62745 | D:9      | Learned a level 4 spell: Passage of Golubria
 63100 | Depths:2 | Reached skill level 1 in Translocations
 63566 | Depths:3 | Found a glowing golden altar of the Shining One.
 63568 | Depths:3 | Found a glowing silver altar of Zin.
 63569 | Depths:3 | Found a white marble altar of Elyvilon.
 64076 | Depths:3 | Reached skill level 5 in Translocations
 64204 | Depths:3 | Noticed Jory
 64238 | Depths:3 | Killed Jory
 64339 | Depths:3 | Reached XP level 23. HP: 183/192 MP: 45/45
 65111 | Depths:3 | Found a one-way gate leading to the halls of Pandemonium.
 65366 | Depths:4 | Found a one-way gate to the infinite horrors of the Abyss.
 66265 | Depths:4 | Found Fafi's Gadget Shoppe.
 66265 | Depths:4 | Found Oleytet's Jewellery Boutique.
 66266 | Depths:4 | Found Wighab's Gadget Shoppe.
 66717 | Depths:5 | Entered Level 5 of the Depths
 66869 | Depths:5 | Identified the ring of Naca Waj {Fire *Contam rElec rPois Dex+4} (You found it on level 5 of the Depths)
 67089 | Depths:5 | Noticed a golden dragon
 67093 | Depths:5 | Killed a golden dragon
 67160 | Depths:5 | Found a glowing silver altar of Zin.
 67316 | Depths:5 | Identified the ring "Xyih" {rN++ Int-5 SInv} (You found it on level 5 of the Depths)
 67554 | Depths:5 | Bought a meat ration for 70 gold pieces
 67554 | Depths:5 | Bought a meat ration for 70 gold pieces
 67554 | Depths:5 | Bought a meat ration for 70 gold pieces
 67554 | Depths:5 | Bought a meat ration for 70 gold pieces
 67554 | Depths:5 | Bought a meat ration for 70 gold pieces
 67554 | Depths:5 | Bought a beef jerky for 21 gold pieces
 67554 | Depths:5 | Bought a meat ration for 70 gold pieces
 67555 | Depths:5 | Bought 2 fruits for 42 gold pieces
 67557 | Depths:5 | Bought 3 fruits for 63 gold pieces
 67560 | Depths:5 | Bought a bread ration for 70 gold pieces
 67566 | Depths:5 | Found a shimmering altar of Xom.
 67728 | Depths:5 | Got a shimmering brass ring
 67730 | Depths:5 | Identified the ring of Agnosticism {Wiz -Tele +Inv Int+3 SInv} (You found it on level 5 of the Depths)
 67799 | Depths:5 | Noticed Margery
 67802 | Depths:5 | Killed Margery
 67824 | Depths:5 | Reached XP level 24. HP: 159/200 MP: 33/46
 68019 | Depths:5 | Noticed a juggernaut
 68022 | Depths:5 | Killed a juggernaut
 68049 | Depths:5 | Identified the Incunabulum of Flying Earth
 68053 | Depths:5 | Learned a level 2 spell: Repel Missiles
 68070 | Depths:5 | Found a gate to the Realm of Zot.
 68112 | Depths:5 | Noticed a juggernaut
 68112 | Depths:5 | Noticed Saint Roka
 68126 | Depths:5 | Killed Saint Roka
 68131 | Depths:5 | Killed a juggernaut
 68131 | Depths:5 | Reached skill level 15 in Necromancy
 68456 | Depths:5 | Noticed a juggernaut
 68464 | Depths:5 | Killed a juggernaut
 68977 | Vaults:5 | Entered Level 5 of the Vaults
 70195 | Vaults:5 | Got a silver rune of Zot
 71151 | Vaults:4 | Reached XP level 25. HP: 131/207 MP: 23/47
 73307 | Vaults:5 | Identified the +1 helmet of Peechaid {MR+ Stlth+} (You acquired it on level 5 of the Vaults)
 73645 | Vaults:5 | Learned a level 6 spell: Invisibility
 74860 | D:9      | Learned a level 9 spell: Dragon's Call
 74869 | D:9      | Bought the +7 Kryia's mail coat {DeviceHeal*2 rC+} for 689 gold pieces
 75427 | Depths:4 | Voluntarily entered the Abyss.
 75534 | Abyss:1  | Reached skill level 1 in Evocations
 76284 | Abyss:1  | Noticed an ancient lich
 76368 | Abyss:1  | Killed an ancient lich
 76368 | Abyss:1  | Reached skill level 5 in Evocations
 76868 | Abyss:2  | Found a corrupted altar of Lugonu.
 77485 | Abyss:3  | Identified the cursed +1 scale mail "Ystriexou" {*Contam rC+ MP+9 Int+3} (You found it on level 3 of the Abyss)
 77536 | Abyss:3  | Gained mutation: Your magical capacity is low. (-10% MP) [a neqoxec]
 77589 | Abyss:3  | Paralysed by accursed screaming for 1 turns
 78024 | Abyss:3  | Reached XP level 26. HP: 85/214 MP: 14/43
 78063 | Abyss:3  | Found a corrupted altar of Lugonu.
 78340 | Abyss:3  | Reached skill level 10 in Evocations
 78363 | Abyss:3  | Reached skill level 1 in Armour
 78780 | Abyss:3  | Got a bound steel ring
 78782 | Abyss:3  | Identified the ring "Beus Ung" {MR+ Int+3 Dex+4 SInv} (You found it on level 3 of the Abyss)
 79012 | Abyss:3  | Paralysed by accursed screaming for 1 turns
 79067 | Abyss:3  | Gained mutation: You are surrounded by a mild repulsion field. (EV +2) [a neqoxec]
 79496 | Abyss:3  | Paralysed by accursed screaming for 1 turns
 79971 | Abyss:3  | Paralysed by accursed screaming for 1 turns
 80354 | Abyss:4  | Got a fine helmet
 80572 | Abyss:4  | Found a corrupted altar of Lugonu.
 80887 | Abyss:5  | Entered Level 5 of the Abyss
 80924 | Abyss:5  | Found a corrupted altar of Lugonu.
 81040 | Abyss:5  | Found a corrupted altar of Lugonu.
 81049 | Abyss:5  | Gained mutation: You expend magic power (3 MP) to strengthen your wands. [a neqoxec]
 81053 | Abyss:5  | Gained mutation: You have an uncontrollable temper. [a neqoxec]
 81132 | Abyss:5  | Reached skill level 5 in Armour
 81526 | Abyss:5  | Gained mutation: You are frail. (-10% HP) [a neqoxec]
 81527 | Abyss:5  | Gained mutation: You are dopey. (Int -2) [a neqoxec]
 81540 | Abyss:5  | Gained mutation: You often lose your temper in combat. [a neqoxec]
 81547 | Abyss:5  | Gained mutation: You passively map a small area around you. [a neqoxec]
 81594 | Depths:4 | Escaped the Abyss
 81968 | D:9      | Bought the -2 hat of the Alchemist {rElec rPois rF+ rC+ rN+ MR+ rMut rCorr} for 2643 gold pieces
 81968 | D:9      | Identified the +2 helmet of the Bard {rF++} (You found it on level 4 of the Abyss)
 82353 | Zot:1    | Entered Level 1 of the Realm of Zot
 83304 | Zot:2    | Reached XP level 27. HP: 133/199 MP: 16/44
 83671 | Zot:5    | Entered Level 5 of the Realm of Zot
 84403 | Zot:5    | Noticed an ancient lich
 84428 | Zot:5    | Noticed an ancient lich
 84430 | Zot:5    | Noticed an orb of fire
 84453 | Zot:5    | Killed an orb of fire
 84580 | Zot:5    | Noticed an orb of fire
 84580 | Zot:5    | Noticed an orb of fire
 84584 | Zot:5    | Gained mutation: You have an uncontrollable temper. [an orb of fire]
 84587 | Zot:5    | Killed an orb of fire
 84590 | Zot:5    | Noticed an ancient lich
 84590 | Zot:5    | Killed an orb of fire
 84594 | Zot:5    | HP: 9/199 [Orb Guardian (54)]
 84596 | Zot:5    | Mangled by an Orb Guardian

Skill      XL: |  1  2  3  4  5  6  7  8  9 10 11 12 13 14 15 16 17 18 19 20 21 22 23 24 25 26 27 |
---------------+----------------------------------------------------------------------------------+-----
Short Blades   | 2 3 4 5 6 7 9 10 | 10.0
Stealth        | 5 6 7 9 10 12 13 14 16 17 19 20 21 22 24 25 26 27 | 27.0
Hexes          | 4 5 7 8 9 10 11 12 | 12.2
Spellcasting   | 4 5 7 8 10 11 12 13 14 15 16 17 18 19 20 21 22 | 22.2
Fighting       | 2 5 7 8 |  8.4
Summonings     | 3 6 7 10 11 13 14 15 16 17 18 19 20 | 20.7
Shields        | 8 9 |  9.0
Necromancy     | 3 7 9 11 14 15 | 15.4
Translocations | 6 |  6.1
Evocations     | 9 10 | 10.0
Armour         | 6 8 |  8.1
Dodging        | |  1.5

Action                   |  1- 3 |  4- 6 |  7- 9 | 10-12 | 13-15 | 16-18 | 19-21 | 22-24 | 25-27 || total
-------------------------+-------+-------+-------+-------+-------+-------+-------+-------+-------++-------
Melee: Dagger            |    40 |   132 |   402 |   737 |  1268 |  1739 |  1520 |  1687 |  2349 ||  9874
       Constrict         |       |       |       |       |   184 |   200 |   234 |   223 |   302 ||  1143
       Staff             |       |       |       |       |       |       |       |       |    24 ||    24
Throw: Stone             |       |     4 |    17 |    38 |    87 |    37 |    21 |    20 |     7 ||   231
 Cast: Corona            |     3 |     4 |       |       |       |       |       |       |       ||     7
       Ensorcelled Hiber |     9 |    32 |   107 |   161 |   210 |   322 |   201 |    67 |    15 ||  1124
       Confuse           |       |     4 |    32 |    49 |   125 |   137 |   311 |   343 |   236 ||  1237
       Summon Mana Viper |       |       |       |       |    43 |    68 |    63 |    93 |    44 ||   311
       Summon Hydra      |       |       |       |       |       |       |    13 |    34 |    66 ||   113
       Regeneration      |       |       |       |       |       |       |    23 |   117 |   233 ||   373
       Haunt             |       |       |       |       |       |       |       |    75 |   231 ||   306
       Blink             |       |       |       |       |       |       |       |    17 |    27 ||    44
       Repel Missiles    |       |       |       |       |       |       |       |     4 |    13 ||    17
       Passage of Golubr |       |       |       |       |       |       |       |     1 |       ||     1
       Invisibility      |       |       |       |       |       |       |       |       |     1 ||     1
       Dragon's Call     |       |       |       |       |       |       |       |       |     1 ||     1
Invok: Potion Petition   |       |     1 |       |       |       |       |       |       |       ||     1
       Call Merchant     |       |       |       |     3 |     2 |     3 |     2 |     2 |     1 ||    13
       Bribe Branch      |       |       |       |       |       |       |       |       |     1 ||     1
 Abil: Spit Poison       |     9 |    23 |     3 |       |     2 |       |       |       |       ||    37
Evoke: Wand              |       |       |     2 |     3 |     2 |     3 |     2 |     2 |    27 ||    41
       Rod               |       |       |       |       |     6 |    10 |     7 |     1 |       ||    24
       Fan of gales      |       |       |       |       |       |       |       |     1 |       ||     1
       Staff of energy   |       |       |       |       |       |       |       |       |   299 ||   299
  Use: Scroll            |       |     1 |     7 |    21 |    13 |    14 |     8 |    18 |    20 ||   102
       Potion            |       |       |       |     1 |     3 |     8 |     4 |     2 |    15 ||    33
 Stab: Sleeping          |     8 |    24 |    53 |   111 |   120 |   167 |   125 |    60 |    11 ||   679
       Confused          |       |     1 |    10 |    26 |    41 |    48 |   158 |   164 |    94 ||   542
       Distracted        |       |       |     2 |     5 |    10 |    20 |    24 |    33 |    65 ||   159
       Petrified         |       |       |       |       |       |       |       |       |     2 ||     2
  Eat: Chunk             |     2 |     7 |       |       |       |       |       |       |       ||     9
       Beef jerky        |       |     3 |     1 |     1 |     1 |     1 |     3 |     1 |     2 ||    13
       Pizza             |       |     1 |     2 |     1 |       |       |     2 |     1 |     2 ||     9
       Meat ration       |       |       |     2 |     3 |     2 |     2 |     2 |     2 |    11 ||    24
       Royal jelly       |       |       |     2 |     2 |       |     1 |     1 |     1 |       ||     7
       Bread ration      |       |       |     2 |       |     7 |     5 |     5 |     6 |     4 ||    29
       Fruit             |       |       |       |     1 |     5 |    19 |     6 |    15 |     3 ||    49
Armor: Robe              |    25 |    54 |   205 |   148 |       |       |       |       |       ||   432
       Leather armour    |       |       |       |    94 |   197 |       |       |       |       ||   291
       Skin              |       |       |       |     1 |       |    51 |       |       |       ||    52
       Ring mail         |       |       |       |       |   158 |  1024 |   429 |   556 |   188 ||  2355
       Scale mail        |       |       |       |       |       |       |       |       |  1092 ||  1092
Dodge: Dodged            |    24 |    72 |   155 |   187 |   620 |  1068 |   516 |   603 |  1314 ||  4559
       Deflected         |       |       |       |       |       |       |       |    11 |    45 ||    56
Block: Shield            |       |       |       |       |       |   934 |   547 |   717 |  1388 ||  3586
       Rpst.: Dagger     |       |       |       |       |       |       |    59 |    99 |   214 ||   372
       Staff             |       |       |       |       |       |       |       |     8 |    55 ||    63
